[Event "RUS-chT Blitz Women 2018"]
[Site "Sochi"]
[Date "2018.10.10"]
[Round "6"]
[White "Mamontova, Anastasia"]
[Black "Sarvarova, Alisa"]
[Result "1-0"]
[ECO "D38"]
[WhiteElo "2009"]
[BlackElo "1216"]
[Annotator "NA RC"]
[PlyCount "57"]
[EventDate "2018.10.10"]
[EventType "swiss"]
[EventCountry "RUS"]
[SourceTitle "playchess.com"]
[Source "ChessBase"]
[SourceQuality "1"]
[TimeControl "180+2"]

1. d4 d5 2. c4 e6 3. Nc3 Bb4 4. Nf3 Nf6 5. Bg5 O-O 6. e3 Nbd7 7. cxd5 exd5 8. Bd3 Nb6 9. O-O Bxc3 10. bxc3 Bg4 11. h3 Bh5 12. Qc2 h6 13. Bh4 Bxf3 14. gxf3 Qd7 15. Kh2 Qd6+ 16. f4 Kh8 17. Rg1 Rg8 18. Bg3 Qe6 19. f5 Qe7 20. Bf4 Nh5 21. Be5 f6 22. Bg3 Rac8 23. Qe2 Nxg3 24. Rxg3 Qf7 25. Rag1 c6 26. Rg6 Rc7 27. Qh5 Rd8 28. Rxh6+ Kg8 29. Rh8# 1-0

[Event "RUS-chT Blitz Women 2018"]
[Site "Sochi"]
[Date "2018.10.10"]
[Round "6"]
[White "Khusneeva, Alina"]
[Black "Mukhina, Jana"]
[Result "0-1"]
[ECO "C60"]
[WhiteElo "1066"]
[BlackElo "2072"]
[Annotator "NA RC"]
[PlyCount "56"]
[EventDate "2018.10.10"]
[EventType "swiss"]
[EventCountry "RUS"]
[SourceTitle "playchess.com"]
[Source "ChessBase"]
[SourceQuality "1"]
[TimeControl "180+2"]

1. e4 e5 2. Nf3 Nc6 3. Bb5 g6 4. d3 Bg7 5. O-O Nge7 6. c3 O-O 7. Re1 d6 8. d4 a6 9. Ba4 b5 10. Bb3 Na5 11. Bc2 c5 12. dxc5 dxc5 13. Qe2 Qc7 14. Nbd2 Be6 15. Nf1 Rad8 16. Be3 Nc4 17. b3 Nxe3 18. Nxe3 h6 19. Rad1 Qa5 20. c4 Nc6 21. Ra1 Nd4 22. Nxd4 exd4 23. Nd5 Bxd5 24. exd5 d3 25. Qxd3 Bxa1 26. Rxa1 Rfe8 27. Qh3 Re1+ 28. Rxe1 Qxe1# 0-1